 Dungeon Crawl Stone Soup version 0.22-a0-389-g8519d86 (webtiles) character file.

18 erloom the Skirmisher (level 2, 0/24 HPs)
             Began as a Demonspawn Abyssal Knight on Apr 30, 2018.
             Was a Follower of Lugonu.
             Killed from afar by a dart slug (8 damage)
             ... with a slug dart
             ... on level 1 of the Dungeon.
             The game lasted 00:01:32 (366 turns).

erloom the Skirmisher (Demonspawn Abyssal Knight)    Turns: 366, Time: 00:01:32

Health: 0/24       AC:  3    Str: 12    XL:     2   Next: 51%
Magic:  3/3        EV: 11    Int: 13    God:    Lugonu [*.....]
Gold:   0          SH:  0    Dex: 12    Spells: 1/1 levels left

rFire    . . .     SeeInvis .   a - +1 hand axe
rCold    . . .     Gourm    .   (no shield)
rNeg     . . .     Faith    .   b - +0 leather armour
rPois    +         Spirit   .   (no helmet)
rElec    .         Reflect  .   (no cloak)
rCorr    .         Harm     .   (no gloves)
MR       .....                  (no boots)
Stlth    +.........             (no amulet)
HPRegen  0.08/turn              g - ring of poison resistance
MPRegen  0.08/turn              (no ring)

@: no status effects
A: powered by death 1
a: Depart the Abyss, Renounce Religion


You were on level 1 of the Dungeon.
You worshipped Lugonu.
Lugonu was aware of your devotion.
You were not hungry.

You visited 1 branch of the dungeon, and saw 1 of its levels.
You visited the Abyss 1 time.

Inventory:

Hand Weapons
 a - a +1 hand axe (weapon)
Armour
 b - a +0 leather armour (worn)
Jewellery
 g - a ring of poison resistance (left hand)
Scrolls
 d - a scroll of magic mapping {unknown}
 f - 2 scrolls of remove curse {unknown}
Potions
 e - a potion of haste {unknown}
 i - a potion of resistance {unknown}
Comestibles
 c - 2 rations
 h - a chunk of flesh


   Skills:
 - Level 3.0 Fighting
 + Level 2.9 Axes
 - Level 1.7 Armour
 - Level 0.8 Dodging
 - Level 2.4 Invocations


You had one spell level left.
You didn't know any spells.

Dungeon Overview and Level Annotations

Branches:
Dungeon (1/15)

Altars:


Innate Abilities, Weirdness & Mutations

You regenerate a little health from kills.


Message History

You hit the hobgoblin but do no damage.
The hobgoblin is moderately wounded.
The hobgoblin hits you.
You closely miss the hobgoblin.
The hobgoblin is moderately wounded.
The hobgoblin hits you but does no damage.
You hit the hobgoblin.
The hobgoblin is severely wounded.
The hobgoblin barely misses you.
You closely miss the hobgoblin.
The hobgoblin is severely wounded.
The hobgoblin hits you but does no damage.
The hobgoblin hits you.
* * * LOW HITPOINT WARNING * * *
You hit the hobgoblin.
You kill the hobgoblin!
Lugonu accepts your kill. The dart slug launches a dart at you.
The slug dart hits you!
You die...

###..... ......[...# ##
........ .........# .#####.#
........# ## #.. ....... #
#.# ..... ##.# ...######
#..# #gw...... #..### #†#
##....# #@## #..##.####
#..## ####.###....# #...###
..##.# ####.####.#...#
#.#..# #.#..†.....# ).(.##
#..........### )#..###
##...........####
.##...#######.......##(...#
.####.....(.........#####.##


You could see a dart slug and a hobgoblin.

Vanquished Creatures
  2 leopard geckos (D:1)
  A bat (D:1)
  4 hobgoblins (D:1)
  A ball python (D:1)
  A frilled lizard (D:1)
  5 kobolds (D:1)
  2 rats (D:1)
16 creatures vanquished.

Vanquished Creatures (others)
  A plant (D:1)
1 creature vanquished.

Grand Total: 17 creatures vanquished

Notes
Turn   | Place    | Note
-------+----------+-------------------------------------------
     0 | Abyss:1  | erloom the Demonspawn Abyssal Knight began the quest for the Orb.
     0 | Abyss:1  | Reached XP level 1. HP: 18/18 MP: 2/2
    13 | D:1      | Escaped the Abyss
   261 | D:1      | Gained mutation: You regenerate a little health from kills. [demonic ancestry]
   261 | D:1      | Reached XP level 2. HP: 22/24 MP: 3/3
   302 | D:1      | Reached * piety under Lugonu
   366 | D:1      | Killed from afar by a dart slug

Vault maps used:
D:1:      dpeg_arrival_tiny_f, lexackson_kobold_supper

Skill      XL: |  1 |
---------------+----+-----
Axes           | 2 |  2.9
Fighting       | |  3.0
Armour         | |  1.7
Dodging        | |  0.8
Invocations    | |  2.4

Action                   || total
-------------------------++-------
Melee: Hand axe          ||    41
Invok: Depart the Abyss  ||     1
Armor: Leather armour    ||    12
Dodge: Dodged            ||    22

Table legend:
 A = Spawn XP
 B = Non-spawn XP
 C = Spawn XP percentage of total XP
 D = Spawn monster count
 E = Non-spawn monster count
 F = Spawn count percentage of total count
 G = Total turns spent on level
                    A         B        C        D         E        F      G
               +---------+---------+-------+---------+---------+-------+---------
         Total |       0 |      27 |   0.0 |       0 |      16 |   0.0 |   366
               +---------+---------+-------+---------+---------+-------+---------
           D:1 |       0 |      27 |   0.0 |       0 |      16 |   0.0 |   353
               +---------+---------+-------+---------+---------+-------+---------
